 Dungeon Crawl Stone Soup version 0.31-a0-229-g1fc7ce93e2 (webtiles) character file.

Game seed: 18322138788619365426

138 qw the Shooter (level 5, 0/41 HPs)
             Began as a Minotaur Hexslinger on July 6, 2023.
             Slain by an orc
             ... wielding a +0 trident
              (4 damage)
             ... on level 3 of the Dungeon.
             The game lasted 00:00:46 (2004 turns).

qw the Shooter (Minotaur Hexslinger)                Turns: 2004, Time: 00:00:46

Health: 0/41       AC:  6    Str: 13    XL:     5   Next: 1%
Magic:  5/5        EV: 11    Int: 10    God:
Gold:   91         SH:  0    Dex: 14    Spells: 5/6 levels left

rFire   . . .        Y - +1 sling
rCold   . . .        (no shield)
rNeg    . . .        b - +0 ring mail
rPois   .            (helmet restricted)
rElec   .            d - +0 cloak
rCorr   .            (no gloves)
SInv    .            (no boots)
Will    .....        (no amulet)
Stlth   +            (no ring)
HPRegen 0.26/turn    (no ring)
MPRegen 0.09/turn

%: no passive effects
@: no status effects
A: horns 2, retaliatory headbutt
a: no special abilities


You were on level 3 of the Dungeon.
You visited 1 branch of the dungeon, and saw 3 of its levels.

You collected 115 gold pieces.
You spent 24 gold pieces at shops.


Innate Abilities, Weirdness & Mutations

You have a pair of horns on your head.
You reflexively headbutt those who attack you in melee.


   Skills:
 - Level 2.0 Fighting
 + Level 4.9 Ranged Weapons
 - Level 2.3 Armour
 - Level 2.1 Dodging
 - Level 1.0 Spellcasting
 - Level 2.0 Hexes


You had 5 spell levels left.
You knew the following spells:

 Your Spells              Type           Power      Damage    Failure   Level
a - Slow                  Hex            16%        N/A       32%         1

Your spell library contained the following spells:

 Spells                   Type           Power      Damage    Failure   Level
 Inner Flame              Hex/Fire       2%         N/A       82%         3
 Portal Projectile        Hex/Tloc       4%         N/A       82%         3
 Cause Fear               Hex            2%         N/A       97%         4

Inventory:

Hand Weapons
 Y - a +1 sling (weapon)
Armour
 b - a +0 ring mail (worn)
 d - a +0 cloak (worn)
Potions
 a - a potion of brilliance {unknown}
 c - a potion of enlightenment {unknown}
 e - a potion of degeneration {unknown}
 f - a potion of curing {unknown}
 g - a potion of attraction {unknown}

Dungeon Overview and Level Annotations

Branches:
Dungeon (3/15)

Altars:
Uskayaw
Xom

Shops:
D:1 [


Message History

The worm is almost dead.
The worm closely misses you. You furiously retaliate!
You headbutt the worm.
You kill the worm!
The orc closely misses you. The worm bites you.
You have reached level 5!
You shoot a sling bullet.
The sling bullet barely misses the worm.
The sling bullet barely misses the orc.
The orc barely misses you. The worm bites you!
You shoot a sling bullet.
The sling bullet barely misses the worm.
The sling bullet closely misses the orc.
The orc closely misses you.
The orc hits you from afar with a +0 trident.
The worm closely misses you.
You shoot a sling bullet. The sling bullet hits the worm.
The worm is lightly wounded.
The orc hits you from afar with a +0 trident.
You shoot a sling bullet. The sling bullet hits the worm!
The worm is heavily wounded.
The orc closely misses you. The worm bites you.
You shoot a sling bullet.
The sling bullet barely misses the worm.
The sling bullet hits the orc but does no damage.
The orc is severely wounded.
The orc closely misses you. The worm barely misses you.
The orc hits you from afar with a +0 trident.
You shoot a sling bullet. The sling bullet hits the worm.
The worm is heavily wounded.
The orc hits you but does no damage. The worm bites you but does no damage.
You shoot a sling bullet. The sling bullet hits the worm.
The worm is severely wounded.
The orc barely misses you. The worm barely misses you.
You shoot a sling bullet. The sling bullet hits the worm.
The worm is almost dead.
The orc hits you but does no damage.
You shoot a sling bullet. The sling bullet hits the worm.
You kill the worm!
The orc hits you from afar with a +0 trident.
You die...

#####.##..######
......#....##..##
##.####....%....#
### ##..##....#
+#####..####
##'#..## ##....#
+....# ##@.##
#%## .o# ### ....
#.# +.... #.#
##..## #.# ####
#.#### #.##.#


You could see an orc.

Vanquished Creatures
  2 crimson imps (D:3)
  4 worms
  A dart slug (D:2)
  8 ball pythons
  7 bats
  5 endoplasms
  4 giant cockroaches
  5 goblins
  4 hobgoblins
  9 kobolds
  3 quokkas
  2 frilled lizards
  4 rats
58 creatures vanquished.

Notes
Turn   | Place    | Note
-------+----------+-------------------------------------------
     0 | D:1      | qw the Minotaur Hexslinger began the quest for the Orb.
     0 | D:1      | Reached XP level 1. HP: 16/16 MP: 1/1
     0 | D:1      | 0 ||| qw: Version: 0.3-a-46-gb1f654a
     0 | D:1      | 0 ||| qw: Game counter: 1685
     0 | D:1      | 0 ||| qw: Melee chars always use a shield: true
     0 | D:1      | 0 ||| qw: God list: Okawaru
     0 | D:1      | 0 ||| qw: Allow faded altars: false
     0 | D:1      | 0 ||| qw: Do Orc after clearing Dungeon:15 true
     0 | D:1      | 0 ||| qw: Do second Lair branch before Depths: true
     0 | D:1      | 0 ||| qw: Lair rune preference: random
     0 | D:1      | 0 ||| qw: Goals: Normal
     0 | D:1      | 0 ||| PLANNING D:1-11
    39 | D:1      | Found a faded altar of an unknown god.
    95 | D:1      | Reached skill level 3 in Ranged Weapons
    99 | D:1      | Reached XP level 2. HP: 23/23 MP: 2/2
   303 | D:1      | Found Luwnar's Armour Boutique.
   317 | D:1      | 317 ||| BUYING +0 leather armour (24 gold).
   317 | D:1      | Bought a +0 leather armour for 24 gold pieces
   317 | D:1      | 317 ||| SHOPLISTING +0 ring mail (48 gold, have 19).
   317 | D:1      | 317 ||| SHOPLISTING +1 ring mail of fire resistance (192
                  | gold, have 19).
   317 | D:1      | 317 ||| SHOPLISTING +3 ring mail (252 gold, have 19).
   960 | D:1      | 960 ||| UPGRADING to +0 cloak.
   965 | D:1      | 965 ||| UPGRADING to +0 leather armour.
   975 | D:1      | 975 ||| DROPPING +0 robe.
   976 | D:1      | 976 ||| READING scroll labelled MUXEIZXUEKHLO.
   977 | D:1      | 977 ||| READING scroll labelled LAVOUPECEE.
   978 | D:1      | 978 ||| READING scroll labelled ZAOTZIBAUC.
   979 | D:1      | 979 ||| DROPPING scroll of poison.
  1163 | D:2      | Reached XP level 3. HP: 29/29 MP: 3/3
  1366 | D:2      | Reached skill level 4 in Ranged Weapons
  1755 | D:2      | 1755 ||| UPGRADING to +0 ring mail.
  1765 | D:2      | 1765 ||| DROPPING +0 leather armour.
  1766 | D:2      | 1766 ||| READING scroll labelled FAOTAU QEWIE.
  1770 | D:2      | 1770 ||| READING scroll labelled JUECOU WEIPESUM.
  1865 | D:3      | Found a shimmering altar of Xom.
  1879 | D:3      | Reached XP level 4. HP: 35/36 MP: 4/4
  1922 | D:3      | Found a hide-covered altar of Uskayaw.
  1996 | D:3      | Reached XP level 5. HP: 18/41 MP: 5/5
  1997 | D:3      | HP: 8/41 [orc/+0 trident (3)]
  2000 | D:3      | HP: 3/41 [orc/+0 trident (3)]
  2004 | D:3      | Slain by an orc

Levels and vault maps discovered:
D:1:      psy_arrival_basics, layout_loops_ring,
          hellmonk_ecumenical_altar_run_dry, serial_shops,
          nicolae_shop_waterfront, minmay_fountain_box, chequers_big_river,
          amcnicky_mini_corridor_feature, minmay_misc_feat_diagonals,
          chequers_serial_rivers_micro_a, moated_statue,
          dreamdust_princess_bridge, chequers_mini_garden
D:2:      layout_basic, serial_glass, glass_columns_a, glass_columns_b,
          kennysheep_potato
D:3:      minmay_bubble_buster, layout_rooms,
          nicolae_uskayaw_murder_on_the_dancefloor, led_xom_imps, moated_statue

Skill      XL: |  1  2  3 |
---------------+----------+-----
Ranged Weapons | 3 4 |  4.9
Fighting       | 2 |  2.0
Armour         | 2 |  2.3
Dodging        | |  2.1
Spellcasting   | |  1.0
Hexes          | |  2.0

Action                     |  1- 3 |  4- 6 || total
---------------------------+-------+-------++-------
   Fire: Sling             |   116 |    49 ||   165
    Use: Scroll            |     5 |       ||     5
 Armour: Leather armour    |     4 |       ||     4
         Robe              |     1 |       ||     1
         Ring mail         |     2 |    10 ||    12
  Dodge: Dodged            |    22 |    23 ||    45

Table legend:
 A = Non-vault XP
 B = Vault XP
 C = Vault XP percentage of total XP
 D = Non-vault monster count
 E = Vault monster count
 F = Vault count percentage of total count
                 A         B        C        D         E       F
            +---------+---------+-------+---------+---------+-------
      Total |      85 |     118 |  58.1 |      47 |      11 |  19.0
            +---------+---------+-------+---------+---------+-------
        D:1 |      29 |       0 |   0.0 |      18 |       0 |   0.0
        D:2 |      42 |       3 |   6.7 |      20 |       2 |   9.1
        D:3 |      14 |     115 |  89.1 |       9 |       9 |  50.0
            +---------+---------+-------+---------+---------+-------
